 Dungeon Crawl Stone Soup version 0.20-a0-453-g91466d2 (webtiles) character file.

277419 Kriby the Eclecticist (level 19, -4/136 HPs)
             Began as a Mummy Fire Elementalist on Jan 8, 2017.
             Was a High Priest of Sif Muna.
             Splashed by an acid blob's acid (5 damage)
             ... on level 1 of the Pits of Slime.
             The game lasted 02:47:38 (79033 turns).

Kriby the Eclecticist (Mummy Fire Elementalist)    Turns: 79033, Time: 02:47:39

Health: -4/136     AC: 11    Str: 13    XL:     19   Next: 60%
Magic:  7/43       EV: 23    Int: 20    God:    Sif Muna [*****.]
Gold:   1373       SH:  5    Dex: 15    Spells: 25/58 levels left

rFire  + . .     SeeInvis .     a - +9 long sword of a Thousand Realms {freeze, rElec rF+ rC+ Dex+2}
rCold  + + .     Gourm    .     I - +5 steam dragon scales
rNeg   + + +     Faith    .     s - +0 buckler
rPois  ∞         Spirit   .     r - +0 helmet
rElec  +         Reflect  .     Z - +0 cloak {rF+}
rCorr  +         Harm     .     N - +0 pair of gloves
MR     ++...                    K - +0 pair of boots
Stlth  ++........               (no amulet)
                                R - ring of resist corrosion
                                q - +6 ring of evasion

@: corroded, repel missiles
A: no food or potions, fire vulnerability, cold resistance 1, negative energy
resistance 3, torment resistance, unbreathing, in touch with death 1
}: 2/15 runes: decaying, serpentine
a: Divine Energy, Channel Magic, Forget Spell, Renounce Religion


You were on level 1 of the Pits of Slime.
You worshipped Sif Muna.
Sif Muna was extremely pleased with you.
You were not hungry.

You visited 8 branches of the dungeon, and saw 34 of its levels.
You also visited: Volcano.

You collected 3029 gold pieces.
You spent 1656 gold pieces at shops.

Inventory:

Hand Weapons
 a - the +9 long sword of a Thousand Realms (weapon) {freeze, rElec rF+ rC+ Dex+2}
   (You took it off a centaur warrior on level 15 of the Dungeon)

   It has been specially enchanted to freeze those struck by it, causing extra
   injury to most foes and up to half again as much damage against particularly
   susceptible opponents.
   It can also slow down cold-blooded creatures.
   It affects your dexterity (+2).
   It protects you from fire.
   It protects you from cold.
   It insulates you from electricity.
Armour
 r - a +0 helmet (worn)
 s - a +0 buckler (worn)
 I - +5 steam dragon scales (worn)
 K - a +0 pair of boots (worn)
 N - a +0 pair of gloves (worn)
 U - a +2 shield of reflection
 Z - a +0 cloak of fire resistance (worn)
Magical Staves
 b - an uncursed staff of energy
Jewellery
 q - a +6 ring of evasion (left hand)
 w - an uncursed ring of protection from fire
 D - an uncursed ring of see invisible
 R - a ring of resist corrosion (right hand)
 V - an uncursed ring of protection from fire
 Y - an uncursed ring of fire
Wands
 k - a wand of digging (3/24)
 t - a wand of lightning (0/15)
 y - a wand of flame (22/48)
 A - a wand of digging (9/24)
 B - a wand of acid (0/15)
 E - a wand of digging (13/24)
 F - a wand of paralysis (13/24)
 G - a wand of scattershot (0/9)
 O - a wand of confusion (26/48)
 X - a wand of digging (18/24)
Scrolls
 c - 5 scrolls of enchant weapon
 f - a scroll of magic mapping
 h - 13 scrolls of identify
 i - 16 scrolls of remove curse
 j - 3 scrolls of immolation
 l - a scroll of fog
 m - 10 scrolls of amnesia
 n - 2 scrolls of enchant armour
 p - a scroll of fear
 v - 5 scrolls of teleportation
 L - 3 scrolls of recharging
Books
 d - a book of Conjurations

   Spells                             Type                      Level
   a - Magic Dart                     Conjuration                  1
   b - Searing Ray                    Conjuration                  2
   c - Dazzling Spray                 Conjuration/Hexes            3
   d - Fulminant Prism                Conjuration/Hexes            4
   e - Iskenderun's Mystic Blast      Conjuration                  4
   f - Iskenderun's Battlesphere      Conjuration/Charms           5
 g - Sif Muna's Disquisition on Arcane Weapons and Feathers
   (Sif Muna gifted it to you on level 15 of the Dungeon)

   Spells                             Type                      Level
   a - Throw Frost                    Conjuration/Ice              2
   b - Bolt of Magma                  Conjuration/Fire/Earth       5
   c - Deflect Missiles               Charms/Air                   6
   d - Freezing Cloud                 Conjuration/Ice/Air          6
   e - Orb of Destruction             Conjuration                  7
   f - Glaciate                       Conjuration/Ice              9
 u - Sif Muna's Grimoire of Poison and Beguiling
   (Sif Muna gifted it to you on level 4 of the Swamp)

   Spells                             Type                      Level
   a - Ensorcelled Hibernation        Hexes/Ice                    2
   b - Mephitic Cloud                 Conjuration/Poison/Air       3
   c - Spectral Weapon                Hexes/Charms                 3
 x - a book of Power

   Spells                             Type                      Level
   a - Fulminant Prism                Conjuration/Hexes            4
   b - Iskenderun's Mystic Blast      Conjuration                  4
   c - Venom Bolt                     Conjuration/Poison           5
   d - Bolt of Magma                  Conjuration/Fire/Earth       5
   e - Iron Shot                      Conjuration/Earth            6
   f - Orb of Destruction             Conjuration                  7
   g - Spellforged Servitor           Conjuration/Summoning        7
 C - a book of Misfortune

   Spells                             Type                      Level
   a - Confusing Touch                Hexes                        1
   b - Confuse                        Hexes                        3
   c - Gell's Gravitas                Hexes/Translocation          3
   d - Petrify                        Transmutation/Earth          4
   e - Metabolic Englaciation         Hexes/Ice                    5
   f - Yara's Violent Unravelling     Hexes/Transmutation          5
 H - a book of Flames

   Spells                             Type                      Level
   a - Flame Tongue                   Conjuration/Fire             1
   b - Throw Flame                    Conjuration/Fire             2
   c - Conjure Flame                  Conjuration/Fire             3
   d - Inner Flame                    Hexes/Fire                   3
   e - Sticky Flame                   Conjuration/Fire             4
   f - Fireball                       Conjuration/Fire             5
 J - a book of Party Tricks

   Spells                             Type                      Level
   a - Summon Butterflies             Summoning                    1
   b - Apportation                    Translocation                1
   c - Lesser Beckoning               Translocation                3
   d - Tukima's Dance                 Hexes                        3
   e - Alistair's Intoxication        Transmutation/Poison         5
   f - Invisibility                   Hexes                        6
 M - Sif Muna's Grimoire of Flight and Black Secrets
   (Sif Muna gifted it to you on level 13 of the Dungeon)

   Spells                             Type                      Level
   a - Repel Missiles                 Charms/Air                   2
   b - Static Discharge               Conjuration/Air              3
   c - Silence                        Hexes/Air                    5
   d - Haunt                          Necromancy/Summoning         7
 P - Sif Muna's Almanac of the Feathery Blaze
   (Sif Muna gifted it to you on level 2 of the Snake Pit)

   Spells                             Type                      Level
   a - Ignite Poison                  Fire/Transmutation/Poison    3
   b - Inner Flame                    Hexes/Fire                   3
   c - Bolt of Magma                  Conjuration/Fire/Earth       5
   d - Fireball                       Conjuration/Fire             5
   e - Bolt of Fire                   Conjuration/Fire             6
   f - Delayed Fireball               Conjuration/Fire             7
   g - Chain Lightning                Conjuration/Air              8
 S - Sif Muna's Compendium of Excruciating Ignition
   (Sif Muna gifted it to you on level 4 of the Snake Pit)

   Spells                             Type                      Level
   a - Fulminant Prism                Conjuration/Hexes            4
   b - Bolt of Draining               Conjuration/Necromancy       5
   c - Bolt of Fire                   Conjuration/Fire             6
   d - Iron Shot                      Conjuration/Earth            6
   e - Delayed Fireball               Conjuration/Fire             7
   f - Fire Storm                     Conjuration/Fire             9
   g - Glaciate                       Conjuration/Ice              9
 T - a book of Geomancy

   Spells                             Type                      Level
   a - Sandblast                      Earth                        1
   b - Passwall                       Transmutation/Earth          2
   c - Stone Arrow                    Conjuration/Earth            3
   d - Petrify                        Transmutation/Earth          4
   e - Lee's Rapid Deconstruction     Earth                        5
 W - a book of Beasts

   Spells                             Type                      Level
   a - Summon Butterflies             Summoning                    1
   b - Call Canine Familiar           Summoning                    3
   c - Summon Ice Beast               Ice/Summoning                4
   d - Summon Mana Viper              Hexes/Summoning              5
   e - Summon Hydra                   Summoning                    7
Miscellaneous
 o - a crystal ball of energy
 z - a lamp of fire
 Q - a fan of gales


   Skills:
 - Level 8.8 Fighting
 - Level 4.0 Long Blades
 - Level 4.0 Armour
 - Level 7.3 Dodging
 - Level 1.5 Stealth
 - Level 4.8 Shields
 + Level 20.1 Spellcasting
 - Level 15.0 Conjurations
 + Level 13.5 Fire Magic
 - Level 10.6 Invocations
 - Level 8.1 Evocations


You had 25 spell levels left.
You knew the following spells:

 Your Spells              Type           Power        Failure   Level  Hunger
a - Flame Tongue          Conj/Fire      #####        0%          1    N/A
b - Conjure Flame         Conj/Fire      ######..     1%          3    N/A
c - Sticky Flame          Conj/Fire      ######..     1%          4    N/A
d - Throw Flame           Conj/Fire      ######       0%          2    N/A
e - Fireball              Conj/Fire      ######....   1%          5    N/A
f - Bolt of Magma         Conj/Fire/Erth ######....   1%          5    N/A
k - Orb of Destruction    Conj           ######....   4%          7    N/A
m - Shroud of Golubria    Chrm/Tloc      ###.......   3%          2    N/A
R - Repel Missiles        Chrm/Air       ###...       3%          2    N/A
T - Blink                 Tloc           N/A          3%          2    N/A

Dungeon Overview and Level Annotations

Branches:
Dungeon (15/15)            Temple (1/1) D:7            Lair (6/6) D:11
  Swamp (4/4) Lair:4        Snake (4/4) Lair:3        Slime (1/5) Lair:6
    Orc (2/2) D:10            Elf (1/3) Orc:2        Vaults (0/5) D:13
 Depths (0/5) D:15

Altars:
Ashenzari
Cheibriados
Dithmenos
Elyvilon
Fedhas
Gozag
Hepliaklqana
Kikubaaqudgha
Makhleb
Nemelex Xobeh
Okawaru
Qazlal
Ru
Sif Muna
Trog
Uskayaw
Vehumet
Xom
Yredelemnul
Zin
The Shining One

Shops:
D:15 ?*:   Orc:2 [=:[?   Snake:3 ?*   Snake:4 [

Annotations:
Lair:4 exclusion: oklob plant
Swamp:4 1 exclusion


Innate Abilities, Weirdness & Mutations

You do not eat or drink.
Your flesh is vulnerable to fire.
You are immune to poison.
Your flesh is cold resistant. (rC+)
You are immune to negative energy. (rN+++)
You are immune to unholy pain and torment.
You can survive without breathing.
You are in touch with the powers of death.


Message History

A large slime creature splits.
The acid blob hits you!!
* * * LOW HITPOINT WARNING * * *
The acid corrodes you!
You are splashed with acid!
The acid burns!
You resist.
* * * LOW HITPOINT WARNING * * *
Two slime creatures merge to form an enormous slime creature.
The acid blob hits you!!
* * * LOW HITPOINT WARNING * * *
You are splashed with acid!
The acid burns!
You resist.
* * * LOW HITPOINT WARNING * * *
Okay, then.
Casting: Fireball
Confirm with . or Enter, or press ? or * to list all spells.
You blink.
You are splashed with acid!
The wall burns you! You resist.
* * * LOW HITPOINT WARNING * * *
The acid blob spits acid at you. The splash of acid hits you! You resist.
* * * LOW HITPOINT WARNING * * *
You are splashed with acid!
The acid burns!
You resist.
You die...

##..............J...#####......
##...............J.J.# ##.....
#.................J.## .....
##....#...............# ...J.
#.....#..............## .....
.........<....#......#
....#................#
.#.###.#..........#.##
.........#.#....@..###
.....................#..
......................#
.....................##
#.#............#........
###....#....####...#.##.
##..####.## ##.#### #### ### ##


You could see an acid blob, an enormous slime creature and a slime creature.

Vanquished Creatures
  2 acid blobs
  5 thorn hunters
  Kirke (D:13)
  The ghost of jehirs the Executioner, an adept MiBe of Trog (Swamp:2)
  7 nagarajas
  A ghost moth (shapeshifter) (D:13)
  Nessos (D:13)
  A dire elephant (Lair:6)
  2 green deaths (Swamp:4)
  2 ettins (Orc:2)
  A yaktaur captain (D:15)
  2 death oozes (Swamp:4)
  20 naga warriors
  Fannar (Lair:3)
  A hell beast (Swamp:4)
  28 hydras
  8 vault guards (D:13)
  18 anacondas
  3 ghost crabs
  3 catoblepae
  2 centaur warriors
  17 two-headed ogres
  5 tengu warriors
  A deep troll shaman (Lair:6)
  12 death yaks (Lair:6)
  4 ogre magi
  13 alligators
  A thrashing horror (Swamp:4)
  21 naga sharpshooters
  5 spriggans
  12 shock serpents
  The ghost of marsu the Cleaver, a novice OpFi of Okawaru (D:9)
  A fire crab (Volcano)
  3 skeletal warriors (D:15)
  4 salamander mystics
  A sea snake (Snake:3)
  13 naga ritualists
  3 unseen horrors (D:13)
  2 deep trolls (Orc:2)
  A spriggan druid (Swamp:3)
  A deep elf archer (D:15)
  2 orc knights (D:15)
  5 shambling mangroves
  6 swamp dragons
  A lindwurm (Volcano)
  A wizard (D:14)
  15 mana vipers
  A necromancer (Lair:2)
  7 deep elf magi
  7 cyclopes
  2 manticores
  19 salamanders
  8 ugly things
  A moth of wrath (shapeshifter) (D:13)
  A salamander (shapeshifter) (D:10)
  The ghost of Schizzik the Grappler, a novice TrMo (D:5)
  3 elephants (Lair:6)
  54 black mambas
  2 molten gargoyles (Volcano)
  4 centaur zombies
  11 guardian serpents
  15 naga magi
  A gargoyle (D:15)
  23 spiny frogs
  5 orange demons (Swamp:4)
  5 rime drakes (Lair:6)
  6 komodo dragons
  2 freezing wraiths
  2 efreet
  3 polar bears (Lair:6)
  16 trolls
  2 tengu conjurers (D:15)
  14 hornets
  8 tyrant leeches
  A blink frog (shapeshifter) (D:15)
  11 hippogriffs
  Prince Ribbit (D:7)
  37 slime creatures
  7 dream sheep (Lair:6)
  12 bog bodies
  31 blink frogs
  A shadow (Swamp:1)
  3 wraiths
  A water elemental (D:11)
  14 fire bats (Volcano)
  3 wyverns
  Eustachio (D:5)
  50 yaks
  A basilisk (shapeshifter) (D:14)
  5 basilisks
  3 hungry ghosts
  2 hogs (D:13)
  10 vampire mosquitoes
  74 nagas
  17 insubstantial wisps
  A warg (Orc:1)
  An acid dragon (D:13)
  A hell hound (Volcano)
  A soldier ant (D:14)
  24 swamp worms
  23 water moccasins
  4 ice beasts
  2 large abominations (Swamp:4)
  19 orc warriors
  4 porcupines
  3 black bears
  9 swamp drakes
  5 sky beasts
  2 phantoms
  2 necrophages
  33 ogres
  14 wolves
  A hornet zombie (D:10)
  10 centaurs
  23 crocodiles
  A big kobold (D:12)
  A wyvern zombie (D:12)
  25 bullfrogs
  A gnoll sergeant (D:12)
  2 wyvern skeletons
  5 scorpions
  11 killer bees
  10 wights
  10 electric eels
  8 howler monkeys
  9 crimson imps
  5 lava snakes (Volcano)
  2 bullfrog zombies
  2 quasits
  20 jellies
  13 orc priests
  4 hounds
  21 orc wizards
  A bullfrog skeleton (D:4)
  7 centaur skeletons
  6 iguanas
  2 polar bear simulacra (Lair:2)
  6 worker ants
  3 wolf simulacra (Lair:2)
  A yak simulacrum (Lair:2)
  A hound zombie (D:9)
  2 hound skeletons
  2 worker ant zombies
  3 gnolls (D:12)
  15 adders
  4 shadow imps
  8 oozes
  3 worms (D:2)
  5 leopard geckos
  70 orcs
  5 bats
  10 giant cockroaches
  4 hobgoblins
  15 jackals
  12 kobolds
  7 quokkas
  A ball python (D:3)
  4 frilled lizards
  A giant cockroach zombie (D:5)
  9 goblins
  A jackal skeleton (D:8)
  2 leopard gecko skeletons (D:4)
  2 quokka zombies
  6 rats
  5 river rat simulacra (Lair:2)
  4 briar patches (Swamp:3)
  A bush (Lair:6)
  3 fungi
  2 plants (Lair:6)
1334 creatures vanquished.

Vanquished Creatures (others)
  A guardian serpent (Snake:4)
  A black mamba (Snake:1)
  A human (D:13)
  A naga (Snake:4)
  A swamp drake (Swamp:1)
  A bush (Lair:6)
  41 fungi
  35 plants
82 creatures vanquished.

Grand Total: 1416 creatures vanquished

Notes
Turn   | Place    | Note
-------+----------+-------------------------------------------
     0 | D:1      | Kriby the Mummy Fire Elementalist began the quest for the Orb.
     0 | D:1      | Reached XP level 1. HP: 13/13 MP: 4/4
    57 | D:1      | Reached skill level 1 in Conjurations
   371 | D:1      | Reached XP level 2. HP: 18/19 MP: 1/5
   801 | D:2      | Reached skill level 3 in Spellcasting
   967 | D:2      | Reached XP level 3. HP: 24/24 MP: 7/7
  1125 | D:2      | Learned a level 3 spell: Conjure Flame
  1789 | D:2      | Found a blossoming altar of Fedhas.
  2113 | D:2      | Reached XP level 4. HP: 30/30 MP: 6/9
  2917 | D:3      | Found a white marble altar of Elyvilon.
  3184 | D:3      | Reached skill level 4 in Spellcasting
  3546 | D:3      | Learned a level 4 spell: Sticky Flame
  3548 | D:3      | Reached XP level 5. HP: 21/35 MP: 7/11
  4005 | D:4      | Noticed an ogre
  4015 | D:4      | Killed an ogre
  4015 | D:4      | Reached XP level 6. HP: 41/41 MP: 3/13
  4019 | D:4      | Learned a level 2 spell: Throw Flame
  4837 | D:5      | Entered Level 5 of the Dungeon
  5055 | D:5      | Reached skill level 5 in Spellcasting
  5146 | D:5      | Noticed Schizzik's ghost (novice TrMo)
  5156 | D:5      | HP: 1/41 [Schizzik's ghost (22)]
  5157 | D:5      | Killed Schizzik's ghost
  5157 | D:5      | Reached XP level 7. HP: 1/46 MP: 5/15
  5508 | D:5      | Reached skill level 5 in Conjurations
  5681 | D:5      | Learned a level 5 spell: Fireball
  5744 | D:5      | Reached skill level 6 in Spellcasting
  5779 | D:5      | Noticed Eustachio
  6038 | D:5      | Reached XP level 8. HP: 45/52 MP: 14/17
  6044 | D:5      | Killed Eustachio
  6044 | D:5      | Reached skill level 5 in Fire Magic
  7226 | D:6      | Reached skill level 7 in Spellcasting
  7645 | D:6      | Reached XP level 9. HP: 57/57 MP: 12/20
  7904 | D:6      | Reached skill level 8 in Spellcasting
  8052 | D:6      | HP: 1/57 [hippogriff (8)]
  8692 | D:7      | Noticed Prince Ribbit
  8703 | D:7      | Killed Prince Ribbit
  9063 | D:7      | Reached skill level 9 in Spellcasting
  9737 | D:7      | Found a staircase to the Ecumenical Temple.
  9851 | Temple   | Entered the Ecumenical Temple
 10130 | Temple   | Became a worshipper of Sif Muna the Loreminder
 12106 | D:8      | Reached XP level 10. HP: 52/63 MP: 15/23
 12862 | D:9      | Noticed marsu's ghost (novice OpFi)
 12874 | D:9      | Killed marsu's ghost
 12874 | D:9      | Reached * piety under Sif Muna
 12874 | D:9      | Reached skill level 10 in Spellcasting
 13755 | D:9      | Noticed a cyan ugly thing
 13756 | D:9      | Noticed a two-headed ogre
 13782 | D:9      | Killed a cyan ugly thing
 14258 | D:9      | Killed a two-headed ogre
 14258 | D:9      | Reached ** piety under Sif Muna
 14362 | D:10     | Entered Level 10 of the Dungeon
 14405 | D:10     | Noticed a salamander
 14432 | D:10     | Killed a salamander
 14432 | D:10     | Reached skill level 11 in Spellcasting
 15584 | D:10     | Reached XP level 11. HP: 68/68 MP: 20/26
 16877 | D:10     | Reached *** piety under Sif Muna
 16928 | D:10     | Found a staircase to the Orcish Mines.
 17115 | D:11     | Noticed a white ugly thing
 17129 | D:11     | Killed a white ugly thing
 17399 | D:11     | Noticed a two-headed ogre
 17416 | D:11     | Killed a two-headed ogre
 17416 | D:11     | Reached skill level 12 in Spellcasting
 17766 | D:11     | Found a staircase to the Lair.
 18051 | D:11     | Reached skill level 1 in Shields
 18487 | D:11     | You fall through a shaft for 2 floors!
 19915 | Lair:1   | Entered Level 1 of the Lair of Beasts
 20143 | Lair:1   | Reached **** piety under Sif Muna
 20143 | Lair:1   | Reached XP level 12. HP: 74/74 MP: 3/28
 20570 | Lair:1   | Noticed a five-headed hydra
 20588 | Lair:1   | Killed a five-headed hydra
 21456 | Lair:1   | Noticed a four-headed hydra
 21474 | Lair:1   | Killed a four-headed hydra
 21474 | Lair:1   | Reached skill level 1 in Fighting
 21883 | Lair:2   | Noticed a seven-headed hydra
 21889 | Lair:2   | Killed a seven-headed hydra
 22943 | Lair:2   | Noticed a five-headed hydra
 22949 | Lair:2   | Killed a five-headed hydra
 23124 | Lair:2   | Reached skill level 5 in Dodging
 23592 | Lair:2   | Noticed a four-headed hydra
 23599 | Lair:2   | Killed a four-headed hydra
 23854 | Lair:3   | Noticed Fannar
 23859 | Lair:3   | Killed Fannar
 24590 | Lair:3   | Reached skill level 5 in Fighting
 24734 | Lair:3   | Reached ***** piety under Sif Muna
 24734 | Lair:3   | Received a gift from Sif Muna
 24741 | Lair:3   | Gained mutation: You are in touch with the powers of death. [Mummy growth]
 24741 | Lair:3   | Reached XP level 13. HP: 85/91 MP: 3/29
 25508 | Lair:3   | Found a staircase to the Snake Pit.
 28805 | Lair:4   | Found a staircase to the Swamp.
 29164 | Lair:5   | Found a dark tunnel.
 29188 | Volcano  | Entered a volcano
 29413 | Volcano  | Reached skill level 1 in Invocations
 29853 | Volcano  | Found a burning altar of Makhleb.
 30664 | Lair:5   | Reached skill level 5 in Invocations
 31804 | Lair:6   | Entered Level 6 of the Lair of Beasts
 32013 | Lair:6   | Found a staircase to the Slime Pits.
 32352 | Lair:6   | Reached XP level 14. HP: 97/106 MP: 6/30
 32606 | Lair:6   | Found a shadowy altar of Dithmenos.
 34399 | Lair:6   | Reached skill level 10 in Invocations
 35345 | Lair:6   | Reached skill level 10 in Conjurations
 35359 | Lair:6   | Reached skill level 13 in Spellcasting
 35577 | Lair:6   | Reached skill level 10 in Fire Magic
 36276 | Orc:1    | Entered Level 1 of the Orcish Mines
 36778 | Orc:2    | Entered Level 2 of the Orcish Mines
 36778 | Orc:2    | Found Caohepi's Antique Armour Shoppe.
 36780 | Orc:2    | Found a staircase to the Elven Halls.
 36789 | Orc:2    | Bought glowing steam dragon scales for 1656 gold pieces
 37137 | Orc:2    | Reached skill level 1 in Armour
 37525 | Orc:2    | Reached skill level 1 in Evocations
 38213 | Orc:2    | Reached XP level 15. HP: 111/112 MP: 3/32
 38942 | Orc:2    | Found Udaitonk's Jewellery Emporium.
 38943 | Orc:2    | Found Koja's Book Emporium.
 39662 | Orc:2    | Found Berhuuc's Armour Boutique.
 39671 | Orc:2    | Found Qiney's Magic Scroll Shoppe.
 40170 | Swamp:1  | Entered Level 1 of the Swamp
 41234 | Swamp:1  | Noticed a thorn hunter
 41538 | Swamp:1  | Killed a thorn hunter
 42589 | Swamp:2  | Noticed jehirs's ghost (adept MiBe)
 42735 | Swamp:2  | Reached skill level 14 in Spellcasting
 45199 | D:13     | Found a gate to the Vaults.
 45449 | D:13     | Noticed Nessos
 45456 | D:13     | Noticed Kirke
 45464 | D:13     | Killed Nessos
 45465 | D:13     | Killed Kirke
 45465 | D:13     | Identified Sif Muna's Grimoire of Flight and Black Secrets (Sif Muna gifted it to you on level 13 of the Dungeon)
 45465 | D:13     | Received a gift from Sif Muna
 45465 | D:13     | Reached skill level 5 in Evocations
 45794 | D:13     | Noticed a ghost moth
 45799 | D:13     | Killed a ghost moth
 45799 | D:13     | Reached XP level 16. HP: 115/119 MP: 0/34
 46103 | D:13     | Got an ancient shortbow
 46111 | D:13     | Identified the +6 shortbow of Emaxzum {flame, MP+9 Str+3} (You found it on level 13 of the Dungeon)
 47043 | Orc:2    | Learned a level 2 spell: Repel Missiles
 47081 | Elf:1    | Entered Level 1 of the Elven Halls
 47760 | Swamp:1  | Noticed a thorn hunter
 47765 | Swamp:1  | Killed a thorn hunter
 48613 | D:14     | Learned a level 3 spell: Stone Arrow
 50569 | D:15     | Entered Level 15 of the Dungeon
 50569 | D:15     | Found Ahudum's Magic Scroll Emporium.
 51322 | D:15     | Reached skill level 15 in Spellcasting
 52255 | D:15     | Identified the +9 long sword of a Thousand Realms {freeze, rElec rF+ rC+ Dex+2} (You took it off a centaur warrior on level 15 of the Dungeon)
 52327 | D:15     | Found Reyxzy's Book Emporium.
 52587 | D:15     | Found Tiareax's General Store.
 53132 | D:15     | Identified Sif Muna's Disquisition on Arcane Weapons and Feathers (Sif Muna gifted it to you on level 15 of the Dungeon)
 53132 | D:15     | Received a gift from Sif Muna
 53159 | D:15     | Learned a level 7 spell: Orb of Destruction
 53309 | D:15     | Learned a level 5 spell: Bolt of Magma
 53529 | D:15     | Found a staircase to the Depths.
 53689 | D:15     | Learned a level 2 spell: Blink
 53692 | D:15     | Learned a level 2 spell: Shroud of Golubria
 55407 | Swamp:2  | Killed jehirs's ghost
 55643 | Swamp:2  | Reached XP level 17. HP: 124/124 MP: 12/36
 59428 | Swamp:4  | Entered Level 4 of the Swamp
 59874 | Swamp:4  | Identified Sif Muna's Grimoire of Poison and Beguiling (Sif Muna gifted it to you on level 4 of the Swamp)
 59874 | Swamp:4  | Received a gift from Sif Muna
 62417 | Swamp:4  | Got a decaying rune of Zot
 62583 | Snake:1  | Entered Level 1 of the Snake Pit
 63477 | Snake:1  | Identified the +7 broad axe of Earthquakes {chop, *Slow rElec Dex+8} (You took it off a salamander on level 1 of the Snake Pit)
 64804 | Snake:1  | Reached XP level 18. HP: 101/131 MP: 20/37
 67121 | Snake:2  | Identified Sif Muna's Almanac of the Feathery Blaze (Sif Muna gifted it to you on level 2 of the Snake Pit)
 67121 | Snake:2  | Received a gift from Sif Muna
 67622 | Snake:2  | Reached skill level 15 in Conjurations
 68263 | Snake:2  | Reached skill level 1 in Long Blades
 70697 | Snake:2  | Reached skill level 16 in Spellcasting
 71335 | Snake:3  | Found an opulent altar of Gozag.
 71397 | Snake:3  | Found Suduaghu's Magic Scroll Shop.
 71403 | Snake:3  | Found Asek's General Store.
 71990 | Snake:4  | Entered Level 4 of the Snake Pit
 72719 | Snake:4  | Reached skill level 17 in Spellcasting
 72798 | Snake:4  | Found Fiseyggi's Armour Boutique.
 73095 | Snake:4  | Identified Sif Muna's Compendium of Excruciating Ignition (Sif Muna gifted it to you on level 4 of the Snake Pit)
 73095 | Snake:4  | Received a gift from Sif Muna
 73882 | Snake:3  | Reached XP level 19. HP: 136/136 MP: 26/40
 74178 | Snake:4  | Reached skill level 18 in Spellcasting
 75957 | Snake:4  | Reached skill level 19 in Spellcasting
 76573 | Snake:4  | Received a gift from Sif Muna
 76707 | Snake:4  | HP: 6/136 [salamander mystic/orb of energy (11)]
 77868 | Snake:4  | Reached skill level 20 in Spellcasting
 77983 | Snake:4  | Got a serpentine rune of Zot
 78787 | Slime:1  | Entered Level 1 of the Pits of Slime
 79031 | Slime:1  | HP: 5/136 [acid (5)]
 79032 | Slime:1  | HP: 2/136 [acid (3)]
 79033 | Slime:1  | Splashed by an acid blob's acid

Vault maps used:
D:1:      grunt_arrival_crossed_arrows
D:2:      fedhas_altar_4
D:3:      kennysheep_nondescript, elyvilon_altar_3
D:4:      minivault_26, kennysheep_generic_room_11
D:5:      first_bread, uniq_eustachio
D:6:      corexii_shack_village
D:7:      nrook_pool_corridor, uniq_prince_ribbit1
D:8:      hangedman_little_slice_of_home
D:9:      minmay_opposing_rooms, minmay_statues_item
D:10:     erik_orc_2, hangedman_abyss_or_decor_stagger
D:11:     erik_lair_island
D:13:     erik_vaults_2, serial_glass, glass_columns_a, glass_columns_a,
          minmay_strange_pillars, due_unseen_surprise, minmay_strange_pillars,
          unseen_surprise_small, uniq_kirke, uniq_nessos
D:14:     hangedman_abyss_or_decor_stabs
D:15:     hangedman_depths_entry_civil_slaughter, minmay_misc_feat_iff,
          serial_shops, shop, shop, shop
Temple:   nicolae_temple_the_god_donut
Lair:2:   eino_house_with_fridge
Lair:3:   minmay_snake_entry_guardpost_small, lemuel_fruit_tree, uniq_fannar
Lair:4:   nicolae_swamp_entry_splash_gauntlet, minmay_lair_oklob_chamber,
          grunt_megastairs_4
Lair:5:   nicolae_volcano_entry_lava_flow, serial_bayou_shore_a
Lair:6:   grunt_lair_end_beastmaster, minmay_slime_entry_jelly_boxes,
          basic_altar, serial_bayou_pond_d, wad_woods_road_02,
          minmay_lair_drake_nest
Swamp:1:  evilmike_swamp_ruin_house_3
Swamp:2:  evilmike_swamp_ruin_house_5
Swamp:3:  hangedman_swamp_ruin_hall, swamp_pool4, hangedman_swamp_cone,
          infiniplex_staircase_pool
Swamp:4:  swamp_vile
Snake:2:  grunt_megastairs_2
Snake:3:  basic_altar, minmay_snake_pond, minmay_shoptagon
Snake:4:  johnstein_snake_rune_scales, serial_shops, shop
Orc:1:    serial_shops, shop_statue
Orc:2:    st_orc_open, serial_shops, shop
Elf:1:    eino_elf_arrival_customs, minmay_elf_sorcery, uniq_azrael
Volcano:  volcano_lake

Skill      XL: |  1  2  3  4  5  6  7  8  9 10 11 12 13 14 15 16 17 18 19 |
---------------+----------------------------------------------------------+-----
Conjurations   | 1 2 3 4 5 6 7 8 9 10 11 12 14 15 | 15.0
Spellcasting   | 3 4 5 6 7 9 11 12 13 14 15 17 20 | 20.1
Fire Magic     | 3 4 6 7 8 9 10 11 13 | 13.5
Shields        | 4 |  4.8
Fighting       | 5 8 |  8.8
Dodging        | 6 7 |  7.3
Invocations    | 7 10 | 10.6
Armour         | 2 4 |  4.0
Evocations     | 1 5 8 |  8.1
Long Blades    | 4 |  4.0
Stealth        | |  1.5

Action                   |  1- 3 |  4- 6 |  7- 9 | 10-12 | 13-15 | 16-18 | 19-21 || total
-------------------------+-------+-------+-------+-------+-------+-------+-------++-------
Melee: Unarmed           |    11 |       |       |       |       |       |       ||    11
       Quarterstaff      |       |    52 |    17 |       |       |       |       ||    69
       Dagger            |       |       |    10 |   140 |   155 |    59 |       ||   364
       Staff             |       |       |       |       |     2 |    12 |       ||    14
       Long sword        |       |       |       |       |       |   372 |    54 ||   426
Throw: Javelin           |    20 |       |     4 |       |       |       |       ||    24
 Cast: Flame Tongue      |    65 |   108 |   239 |   406 |   289 |   179 |     1 ||  1287
       Conjure Flame     |       |     3 |    14 |    23 |    14 |    26 |       ||    80
       Sticky Flame      |       |     2 |    35 |    83 |   224 |   134 |    11 ||   489
       Throw Flame       |       |       |    14 |   107 |    33 |    25 |       ||   179
       Fireball          |       |       |     5 |    68 |   311 |   482 |    86 ||   952
       Stone Arrow       |       |       |       |       |       |    10 |       ||    10
       Orb of Destructio |       |       |       |       |       |   136 |    75 ||   211
       Bolt of Magma     |       |       |       |       |       |    35 |    14 ||    49
       Blink             |       |       |       |       |       |     9 |     3 ||    12
       Shroud of Golubri |       |       |       |       |       |     1 |     1 ||     2
       Repel Missiles    |       |       |       |       |       |       |     2 ||     2
Invok: Channel Magic     |       |       |       |     1 |    13 |    17 |     6 ||    37
Evoke: Wand              |       |       |       |     2 |    64 |     5 |     5 ||    76
       Staff of energy   |       |       |       |       |    15 |   152 |    14 ||   181
  Use: Scroll            |       |       |     6 |     3 |    22 |    15 |     5 ||    51
 Stab: Paralysed         |       |       |       |     7 |     8 |       |       ||    15
       Distracted        |       |       |       |       |       |     1 |       ||     1
Armor: Robe              |    11 |    12 |    12 |    32 |    23 |       |       ||    90
       Steam dragon scal |       |       |       |       |    50 |   199 |    23 ||   272
Dodge: Dodged            |    29 |    89 |   113 |   222 |   509 |   802 |   133 ||  1897
       Deflected         |       |       |       |       |       |       |     8 ||     8
Block: Buckler           |       |       |       |     8 |   113 |   196 |    37 ||   354
       Rpst.: Long sword |       |       |       |       |       |   149 |    26 ||   175
